 Dungeon Crawl Stone Soup version 0.22.0-6-g71bd7aa (webtiles) character file.

13 Sqgman the Sneak (level 2, 0/26 HPs)
             Began as a Gnoll Wanderer on Aug 15, 2018.
             Slain by a jackal (1 damage)
             ... on level 1 of the Dungeon.
             The game lasted 00:01:40 (604 turns).

Sqgman the Sneak (Gnoll Wanderer)                    Turns: 604, Time: 00:01:44

Health: 0/26       AC:  2    Str: 14    XL:     2   Next: 37%
Magic:  2/2        EV:  9    Int: 15    God:
Gold:   18         SH:  8    Dex: 13    Spells: 1/1 levels left

rFire    . . .     SeeInvis .   b - +0 falchion
rCold    . . .     Gourm    .   a - +0 shield
rNeg     . . .     Faith    .   d - +0 robe
rPois    .         Spirit   .   (no helmet)
rElec    .         Reflect  .   (no cloak)
rCorr    .         Harm     .   (no gloves)
MR       .....                  (no boots)
Stlth    +++.......             (no amulet)
HPRegen  0.08/turn              (no ring)
MPRegen  0.08/turn              (no ring)

@: no status effects
A: distributed training, fangs 1, strong nose
a: no special abilities


You were on level 1 of the Dungeon.
You were not hungry.

You visited 1 branch of the dungeon, and saw 1 of its levels.

You collected 18 gold pieces.

Inventory:

Hand Weapons
 b - a +0 falchion (weapon)
 e - a +0 dagger
Armour
 a - a +0 shield (worn)
 d - a +0 robe (worn)
Scrolls
 c - a scroll of teleportation
 h - a scroll of identify {unknown}
Potions
 g - a potion of lignification
Comestibles
 f - a ration


   Skills:
 + Level 4.4 Fighting
 + Level 0.3 Short Blades
 + Level 0.3 Long Blades
 + Level 0.3 Axes
 + Level 0.3 Maces & Flails
 + Level 0.3 Polearms
 + Level 0.3 Staves
 + Level 0.3 Slings
 + Level 4.4 Bows
 + Level 0.3 Crossbows
 + Level 0.3 Throwing
 + Level 2.4 Armour
 + Level 0.3 Dodging
 + Level 5.9 Stealth
 + Level 2.4 Shields
 + Level 2.4 Unarmed Combat
 + Level 0.3 Spellcasting
 + Level 0.2 Conjurations
 + Level 0.2 Hexes
 + Level 0.2 Charms
 + Level 0.2 Summonings
 + Level 0.2 Necromancy
 + Level 0.2 Translocations
 + Level 0.2 Transmutations
 + Level 0.2 Fire Magic
 + Level 0.2 Ice Magic
 + Level 0.2 Air Magic
 + Level 0.2 Earth Magic
 + Level 0.2 Poison Magic
 + Level 0.4 Invocations
 + Level 0.3 Evocations


You had one spell level left.
You didn't know any spells.
Your spell library was empty.

Dungeon Overview and Level Annotations

Branches:
Dungeon (1/15)

Altars:


Innate Abilities, Weirdness & Mutations

Your experience applies equally to all skills.
You have very sharp teeth.
Your uncanny sense of smell can sniff out nearby items.


Message History

The giant cockroach bites you.
* * * LOW HITPOINT WARNING * * *
Unknown command.
Unknown command.
Unknown command.
Unknown command.
You hit the giant cockroach but do no damage.
The giant cockroach is almost dead.
The jackal barely misses you.
You riposte.
You closely miss the jackal.
You block the jackal's attack. x2; The giant cockroach closely misses you.
The jackal bites you but does no damage.
The jackal closely misses you. The jackal bites you.
* * * LOW HITPOINT WARNING * * *
You hit the giant cockroach but do no damage.
The giant cockroach is almost dead.
The jackal bites you.
* * * LOW HITPOINT WARNING * * *
You block the jackal's attack. The giant cockroach barely misses you.
The jackal bites you.
You die...

#.##### [.. #......
.. ### ##.####
#####. ... ##.#
......# #.# # #..#
.....K##.#
#.####.#####
#....#.#
#..........#
#.hhh.#### #.......#
#.h@s.)!.###.......#
#.#.#.?.............
..
#..#######......))
#. ##.# ##......).
#. #.. ##........# #
##.# #.........# ..
...#.......#
..########....#
...##..


You could see 4 jackals, a giant cockroach and a kobold.

Vanquished Creatures
  A dart slug (D:1)
  4 hobgoblins (D:1)
  A kobold (D:1)
  2 goblins (D:1)
  2 rats (D:1)
10 creatures vanquished.

Notes
Turn   | Place    | Note
-------+----------+-------------------------------------------
     0 | D:1      | Sqgman the Gnoll Wanderer began the quest for the Orb.
     0 | D:1      | Sqgman set off with: a +0 shield, a +0 falchion, a scroll of teleportation, a +0 robe, a +0 dagger, a ration
     0 | D:1      | Reached XP level 1. HP: 20/20 MP: 1/1
     3 | D:1      | Noticed an electric eel
     4 | D:1      | Noticed an electric eel
   266 | D:1      | Reached XP level 2. HP: 18/26 MP: 2/2
   604 | D:1      | HP: 1/26 [jackal (1)]
   604 | D:1      | Slain by a jackal

Action                   || total
-------------------------++-------
Melee: Falchion          ||    44
       Bite              ||     4
  Use: Potion            ||     1
Armor: Robe              ||     9
Dodge: Dodged            ||    36
Block: Shield            ||    32
       Rpst.: Falchion   ||    13
